 Dungeon Crawl Stone Soup version 0.31-a0-875-g02e7d12df6 (console) character file.

Game seed: 17043782493676125717

6 petzl the Sneak (level 2, -4/24 HPs)
             Began as a Formicid Delver on Oct 12, 2023.
             Slain by an iguana (10 damage)
             ... on level 4 of the Dungeon.
             The game lasted 00:04:06 (446 turns).

petzl the Sneak (Formicid Delver)                    Turns: 446, Time: 00:04:07

Health: -4/24      AC:  3    Str: 16    XL:     2   Next: 0%
Magic:  4/4        EV: 12    Int: 15    God:
Gold:   0          SH:  0    Dex: 21    Spells: 3/3 levels left

rFire   . . .        a - +0 mace
rCold   . . .        (no shield)
rNeg    . . .        b - +0 leather armour
rPois   .            (helmet unavailable)
rElec   .            (no cloak)
rCorr   .            (no gloves)
SInv    +            (no boots)
Will    .....        (no amulet)
Stlth   +++          d - +6 ring of dexterity
HPRegen 0.24/turn    g - +6 ring of intelligence
MPRegen 0.09/turn

%: no passive effects
@: no status effects
A: permanent stasis, dig shafts and tunnels, antennae 3, four strong arms
a: Dig, Shaft Self


You were on level 4 of the Dungeon.
You visited 1 branch of the dungeon, and saw 5 of its levels.

Inventory:

Hand Weapons
 a - a +0 mace (weapon)
Armour
 b - a +0 leather armour (worn)
Jewellery
 d - a +6 ring of dexterity (left hand)
 g - a +6 ring of intelligence (right hand)
Wands
 f - a wand of digging (1)
Scrolls
 c - a scroll of fog
 e - a scroll of teleportation {unknown}
 h - a scroll of identify {unknown}


   Skills:
 - Level 3.2 Fighting
 - Level 2.0 Maces & Flails
 - Level 1.7 Dodging
 - Level 6.0 Stealth
 + Level 1.4 Spellcasting


You had 3 spell levels left.
You didn't know any spells.
Your spell library was empty.

Dungeon Overview and Level Annotations

Branches:
Dungeon (8/15)
 Temple: D:4-7         Lair: D:8-11

Altars:

Shops:
D:6 [

Annotations:
D:4 exclusions: downstairs and jelly
D:5 exclusion: downstairs
D:7 exclusion: downstairs


Innate Abilities, Weirdness & Mutations

You cannot be hasted, slowed, berserked, paralysed or teleported.
You can dig through walls and to a lower floor.
You have a pair of large antennae on your head. (SInv)
Your four strong arms can wield two-handed weapons with a shield.


Message History

A shaft appears beneath you!
You fall into a shaft and drop 3 floors!
The shaft crumbles and collapses.
Found a stone staircase leading down.
Found an escape hatch in the ceiling.
There is a stone staircase leading down here.
You climb downwards.
Found a stone staircase leading down.
There is a stone staircase leading up here.
You climb upwards.
There is a stone staircase leading down here.
Press: ? - help, v - describe, . - travel A stone staircase leading down.
Placed new exclusion.
Reduced exclusion size to a single square.
Unknown command.
There is an escape hatch in the ceiling here.
A mysterious force pulls you upwards. The hatch slams shut behind you.
Found a stone staircase leading up.
Found a stone.
You hear a distant slurping noise.
There is a stone staircase leading up here.
You climb upwards.
Level annotation: exclusion: downstairs
There is a stone staircase leading down here.
There is a stone staircase leading up here.
You climb upwards.
Level annotation: exclusions: downstairs and jelly
There is a stone staircase leading down here.
Found 6 gold pieces.
The iguana hisses menacingly.
A kobold comes into view. It is wielding a +0 short sword.
The iguana attacks as it pursues you! The iguana barely misses you.
The iguana bites you!
Ouch! That really hurt!
You barely miss the iguana. The iguana bites you. x2
* * * LOW HITPOINT WARNING * * *
Are you sure you want to shaft yourself?
The iguana bites you!
You die...

......# .. #.
#........##. ..
#..#........#..
$..#..#..##......#
...#.$#..##....#$#
.........# ......#.#
.........###.#...r.K
#......##...=.#
#......@l.###.#
#....>#.#.#
#........$#
######....... {
#.###.#.. #.# ....
#.# ##.# #.. .. ##


You could see an iguana.

Vanquished Creatures
  2 orcs (D:4)
  A giant cockroach (D:4)
  A kobold (D:4)
4 creatures vanquished.

Notes
Turn   | Place    | Note
-------+----------+-------------------------------------------
     0 | D:5      | petzl the Formicid Delver began the quest for the Orb.
     0 | D:5      | Reached XP level 1. HP: 18/18 MP: 1/1
     1 | D:6      | Noticed a gnoll bouda
     1 | D:6      | Noticed an orc wizard
     1 | D:6      | Noticed a scorpion
     1 | D:6      | Found Vuzup's Antique Armour Shoppe.
    28 | D:5      | Noticed a sleepcap
    33 | D:5      | Noticed a wyvern
   124 | D:4      | Noticed a jelly
   131 | D:4      | Noticed an iguana
   189 | D:4      | Noticed a jelly
   196 | D:4      | Noticed a scorpion
   263 | D:4      | Reached skill level 1 in Spellcasting
   312 | D:4      | Reached XP level 2. HP: 9/24 MP: 4/4
   401 | D:4      | You fall into a shaft and drop 3 floors!
   409 | D:8      | Noticed an orc warrior
   446 | D:4      | Slain by an iguana

Illustrated notes

Levels and vault maps discovered:
D:4:      layout_basic, palyth_temple_overflow_mages, minmay_fractal_squares_5
D:5:      layout_loops_ring, nicolae_gozag_seed_capital, uniq_menkaure
D:6:      layout_rooms, mainiacjoe_overflow_24_doors, serial_shops,
          nicolae_shop_overgrown_old_shop, columned_hall_lemuel
D:7:      layout_loops_ring, overflow_temple_1_default,
          minmay_temple_entry_purple_smoke, ebering_ghost_reflecting_pool,
          uniq_pikel, uniq_jeremiah
D:8:      layout_rooms, lemuel_crystal_altar, gammafunk_temple_overflow_pools

Skill      XL: |  1 |
---------------+----+-----
Spellcasting   | 1 |  1.4
Fighting       | |  3.2
Maces & Flails | |  2.0
Dodging        | |  1.7
Stealth        | |  6.0

Action                     || total
---------------------------++-------
  Melee: Mace              ||    17
  Throw: Stone             ||     3
Ability: Shaft Self        ||     2
  Evoke: Wand              ||     2
    Use: Scroll            ||     2
 Armour: Leather armour    ||    17
  Dodge: Dodged            ||    11

Table legend: (Time is in decaauts)
 A = Elapsed time spent in this place.
 B = Non-inter-level travel time spent in this place.
 C = Inter-level travel time spent in this place.
 D = Time resting spent in this place.
 E = Time spent auto-exploring this place.
 F = Levels seen in this place.
 G = Mean time per level.
                   A        B        C        D        E       F      G
               +--------+--------+--------+--------+--------+-----+--------+
         Total |    453 |    453 |      0 |    111 |     27 |   5 |   90.6 |
       Dungeon |    453 |    453 |      0 |    111 |     27 |   5 |   90.6 |
               +--------+--------+--------+--------+--------+-----+--------+

Top non-repeatable levels by time:
     D:4: 270 daAuts
     D:5: 160 daAuts
     D:7: 14 daAuts
     D:6: 6 daAuts
     D:8: 1 daAuts
